 Dungeon Crawl Stone Soup version 0.30-a0-845-g7c6808c8ce (webtiles) character file.

Game seed: 7416894140281394837

2745 qeuew the Shooter (level 10, -4/74 HPs)
             Began as a Formicid Hunter on Mar 2, 2023.
             Was a Priest of Ru.
             Slain by an orc knight
             ... wielding a +0 glaive
              (46 damage)
             ... in a bailey.
             The game lasted 00:11:58 (6965 turns).

qeuew the Shooter (Formicid Hunter)                 Turns: 6965, Time: 00:11:59

Health: -4/74      AC:  4    Str: 15    XL:     10   Next: 0%
Magic:  10/10      EV: 18    Int: 10    God:    Ru [***...]
Gold:   556        SH: 11    Dex: 21    Spells: 9/9 levels left

rFire   . . .      SeeInvis +    y - +2 shortbow (freeze)
rCold   . . .      Faith    .    g - +0 kite shield
rNeg    . . .      Spirit   .    c - +1 leather armour
rPois   +          Reflect  .    (helmet unavailable)
rElec   .          Rampage  .    (no cloak)
rCorr   .                        (no gloves)
Will    +....                    (no boots)
Stlth   +++                      (no amulet)
HPRegen 0.32/turn                f - +5 ring of evasion
MPRegen 0.12/turn                b - +5 ring of evasion

@: no status effects
A: permanent stasis, dig shafts and tunnels, antennae 3, hated by all, reduced
EV 1, four strong arms, poison resistance
a: Dig, Renounce Religion, Draw Out Power


You were in a bailey.
You worshipped Ru.
Ru was most pleased with you.
You visited 1 branch of the dungeon, and saw 9 of its levels.
You also visited: Bailey.

You collected 556 gold pieces.

Inventory:

Hand Weapons
 d - a +0 dagger
 y - a +2 shortbow of freezing (weapon)
Armour
 c - a +1 leather armour (worn)
 g - a +0 kite shield (worn)
Jewellery
 b - a +5 ring of evasion (right hand)
 f - a +5 ring of evasion (left hand)
Wands
 j - a wand of paralysis (8)
 m - a wand of mindburst (10) (quivered)
 n - a wand of flame (9)
 u - a wand of acid (6)
 v - a wand of polymorph (2)
 x - a wand of roots (8)
Scrolls
 i - a scroll of amnesia
 r - 2 scrolls of poison
 s - 2 scrolls of enchant weapon
 w - a scroll of fog
Potions
 e - 2 potions of heal wounds
 h - a potion of mutation
 k - a potion of flight
 l - a potion of might
 p - 3 potions of curing
 q - a potion of brilliance
 t - a potion of cancellation


   Skills:
 + Level 5.5 Fighting
 * Level 7.8 Ranged Weapons
 + Level 5.0 Armour
 + Level 4.7 Dodging
 + Level 6.0 Stealth
 + Level 5.6 Shields
 + Level 3.7 Evocations


You had 9 spell levels left.
You didn't know any spells.
Your spell library contained the following spells:

 Spells                   Type           Power      Damage    Failure   Level
 Apportation              Tloc           0%         N/A       69%         1
 Freeze                   Ice            0%         1d3       69%         1
 Necrotise                Necr           0%         1d4       69%         1
 Slow                     Hex            0%         N/A       69%         1
 Sublimation of Blood     Necr           0%         N/A       83%         2
 Wereblood                Tmut           0%         N/A       83%         2
 Confusing Touch          Hex            0%         N/A       96%         3
 Frozen Ramparts          Ice            0%         1d1       96%         3
 Hailstorm                Conj/Ice       0%         3d3       96%         3
 Vampiric Draining        Necr           0%         2d6       96%         3
 Vhi's Electric Charge    Tloc/Air       0%         N/A       96%         3
 Arcjolt                  Conj/Air       0%         1d10      100%        5
 Eringya's Noxious Bog    Tmut/Pois      0%         N/A       100%        6
 Maxwell's Capacitive Co  Air            0%         ∞         100%        8
 Summon Small Mammal      Summ           Unusable   N/A       N/A         1
 Summon Forest            Summ/Tloc      Unusable   N/A       N/A         5
 Summon Hydra             Summ           Unusable   N/A       N/A         7

Dungeon Overview and Level Annotations

Branches:
Dungeon (9/15)             Temple (0/1) D:4          Bailey (1/1)
   Lair: D:8-11         Orc: D:9-12

Altars:
Ashenzari
Dithmenos
Elyvilon
Gozag
Kikubaaqudgha
Okawaru
Qazlal
Ru
Trog
Uskayaw
Vehumet
Wu Jian
Xom
Zin
The Shining One

Shops:
D:1 ?   D:4 [

Annotations:
D:7 3 runed translucent doors, TheSexyCheese's ghost, novice TrFi


Innate Abilities, Weirdness & Mutations

You cannot be hasted, slowed, berserked, paralysed or teleported.
You can dig through walls and to a lower floor.
You have a pair of large antennae on your head. (SInv)
You are hated by all.
You have somewhat slow reflexes. (EV -5)
Your four strong arms can wield two-handed weapons with a shield.
Your system is resistant to poisons. (rPois)


Message History

The orcs go into a battle-frenzy!
Ru believes you are ready to make a new sacrifice.
Do you really want to reject the sacrifices Ru is offering?
Ru will take longer to evaluate your readiness.
The orc knight roars a battlecry!
The orc knight goes into a battle-frenzy!
You shoot an arrow. The arrow hits the orc knight!
The arrow freezes the orc knight.
The orc knight is lightly wounded.
You shoot an arrow.
The arrow hits the orc warrior but does no damage.
You shoot an arrow.
The arrow closely misses the orc warrior.
You block the orc warrior's attack.
You shoot an arrow.
The arrow closely misses the orc warrior.
The arrow hits the orc warrior but does no damage.
You shoot an arrow.
The arrow closely misses the orc knight.
You block the orc knight's attack.
You shoot an arrow.
The arrow closely misses the orc knight.
The orc knight misses you.
Aiming: Mindburst
Press: ? - help, Q - select action, (/) - cycle Shift-Dir - straight line, f/p - orc knight
Aim: an orc knight, wielding a +0 glaive and wearing a +0 chain mail (black smoke, strong, chance to affect: 63%)
The orc knight resists with significant effort.
You block the orc knight's attack.
Aiming: Mindburst
Press: ? - help, Q - select action, (/) - cycle Shift-Dir - straight line, f/p - orc knight
Aim: an orc knight, wielding a +0 glaive and wearing a +0 chain mail (black smoke, strong, chance to affect: 63%)
The orc knight resists with significant effort.
The orc knight hits you from afar with a +0 glaive!!
Aiming: Mindburst
Press: ? - help, Q - select action, (/) - cycle Shift-Dir - straight line, f/p - orc knight
Aim: an orc knight, wielding a +0 glaive and wearing a +0 chain mail (strong, chance to affect: 63%)
The orc knight's mind is blasted!!
The orc knight hits you from afar with a +0 glaive!!!
Ouch! That really hurt!
You die... #.$.# ≈≈..... ##.## ≈...⌠..{ #+#. .§.⌠∩⌠. #. {≈≈o§... ## {.≈≈≈≈ # oo.

{
########'###+###########
.......@##.....##.......
~~~~~~~..##.∩.##..~~~~~~
......~~.)## ##..~~.....
#####..~~.)###..~~..####
##..~~.....~~..##
##..~~~~~~~..##
##.........##
###########


You could see an orc knight (strong) and 2 orc warriors.

Vanquished Creatures
  An unseen horror (D:8)
  A vampire (D:9)
  A wyvern (D:8)
  2 steam dragons (D:7)
  2 vampire mosquitoes (D:8)
  A water moccasin (D:7)
  An orc warrior (D:8)
  A sky beast (D:7)
  An ice beast (D:7)
  A phantom (D:7)
  A centaur (D:8)
  A kobold brigand (D:8)
  3 scorpions
  5 wights
  2 jellies
  An orc priest (D:7)
  3 sleepcaps
  Terence (D:3)
  2 iguanas
  3 orc wizards
  6 gnolls
  8 adders
  A shadow imp (D:7)
  A white imp (D:8)
  A worm (D:3)
  A dart slug (D:1)
  31 orcs
  10 ball pythons
  8 endoplasms
  6 giant cockroaches
  10 goblins
  11 hobgoblins
  9 jackals
  10 kobolds
  9 quokkas
  5 bats
  3 frilled lizards
  4 rats
168 creatures vanquished.

Vanquished Creatures (others)
  A bullfrog (D:8)
  An iguana (D:7)
  A goblin (D:4)
  16 fungi (D:3)
19 creatures vanquished.

Grand Total: 187 creatures vanquished

Notes
Turn   | Place    | Note
-------+----------+-------------------------------------------
     0 | D:1      | qeuew the Formicid Hunter began the quest for the Orb.
     0 | D:1      | Reached XP level 1. HP: 16/16 MP: 1/1
    57 | D:1      | Reached XP level 2. HP: 23/23 MP: 2/2
   223 | D:1      | Reached XP level 3. HP: 27/28 MP: 3/3
   226 | D:1      | Reached skill level 1 in Armour
   435 | D:1      | Found Robewet's Magic Scroll Boutique.
   808 | D:2      | Found a sacrificial altar of Ru.
   848 | D:2      | Reached XP level 4. HP: 34/34 MP: 4/4
   864 | D:2      | Became a worshipper of Ru the Awakened
   905 | D:2      | Identified the ring of Yfag {+Blink rF- MP+9 Int+6 Dex+2}
  1090 | D:2      | Reached XP level 5. HP: 40/41 MP: 5/5
  1196 | D:2      | Reached skill level 1 in Shields
  1396 | D:2      | Gained mutation: Your system is resistant to poisons.
                  | (rPois) [potion of mutation]
  1491 | D:3      | Noticed Terence
  1499 | D:3      | Killed Terence
  1735 | D:3      | Reached XP level 6. HP: 40/47 MP: 6/6
  1949 | D:3      | Found an ancient bone altar of Kikubaaqudgha.
  2014 | D:3      | Gained mutation: You have somewhat slow reflexes. (EV -5)
                  | [Ru sacrifice]
  2014 | D:3      | Reached * piety under Ru
  2125 | D:4      | Found Oskisar's Antique Armour Shoppe.
  2214 | D:4      | Found a staircase to the Ecumenical Temple.
  2329 | D:4      | Reached skill level 5 in Ranged Weapons
  2544 | D:4      | Found a hide-covered altar of Uskayaw.
  3248 | D:5      | Entered Level 5 of the Dungeon
  3384 | D:5      | Found an ornate altar of the Wu Jian Council.
  3477 | D:5      | Reached XP level 7. HP: 47/52 MP: 7/7
  3727 | D:5      | Found a stormy altar of Qazlal.
  3970 | D:5      | Found a bloodstained altar of Trog.
  4194 | D:5      | Found a white marble altar of Elyvilon.
  4924 | D:7      | Gained mutation: You are hated by all. [Ru sacrifice]
  4924 | D:7      | Reached ** piety under Ru
  4924 | D:7      | Reached *** piety under Ru
  4938 | D:7      | Reached skill level 1 in Evocations
  4938 | D:7      | Reached XP level 8. HP: 60/60 MP: 8/8
  4955 | D:7      | Found an iron altar of Okawaru.
  4964 | D:7      | Reached skill level 6 in Ranged Weapons
  5128 | D:7      | Found a glowing silver altar of Zin.
  5215 | D:7      | Found a shadowy altar of Dithmenos.
  5215 | D:7      | Found a radiant altar of Vehumet.
  5302 | D:7      | Found a glowing golden altar of the Shining One.
  5369 | D:7      | Found a runed translucent gate.
  5370 | D:7      | Found a runed translucent gate.
  5370 | D:7      | Found a runed translucent gate.
  5370 | D:7      | Noticed a spectral unseen horror
  5405 | D:7      | Reached XP level 9. HP: 34/66 MP: 9/9
  5559 | D:7      | Noticed TheSexyCheese's ghost (novice TrFi)
  5683 | D:8      | Noticed an unseen horror
  5692 | D:8      | Killed an unseen horror
  5693 | D:8      | Reached skill level 7 in Ranged Weapons
  5693 | D:8      | Reached skill level 5 in Stealth
  5703 | D:8      | Reached skill level 5 in Fighting
  5761 | D:8      | Found an opulent altar of Gozag.
  5778 | D:8      | Reached skill level 5 in Shields
  6043 | D:8      | Found a broken altar of Ashenzari.
  6091 | D:8      | Found a shimmering altar of Xom.
  6814 | D:9      | Reached skill level 5 in Armour
  6831 | D:9      | Found a flagged portal.
  6841 | Bailey   | Entered a bailey
  6902 | Bailey   | Reached XP level 10. HP: 74/74 MP: 10/10
  6953 | Bailey   | Noticed an orc knight
  6953 | Bailey   | Noticed an orc knight
  6965 | Bailey   | Slain by an orc knight

Illustrated notes

Levels and vault maps discovered:
D:1:      dpeg_arrival_rooms_with_view, layout_loops_ring, serial_shops, shop
D:2:      minmay_evil_eye, layout_basic, basic_altar, grunt_decor_fettered
D:3:      layout_rooms, mainiacjoe_overflow_cross_hatched, minivault_26,
          uniq_terence
D:4:      layout_loops_cross, mainiacjoe_overflow_chevrons,
          minmay_temple_entry_arrows, serial_rivers,
          chequers_serial_rivers_large_a, chequers_serial_rivers_micro_b,
          chequers_serial_rivers_room_b, chequers_serial_rivers_micro_d,
          chequers_serial_rivers_marsh, chequers_serial_rivers_small_b,
          serial_shops, shop, fountainhead, serial_bayou_ford_a,
          kennysheep_generic_room_14
D:5:      layout_basic, nicolae_elyvilon_temple_path,
          mainiacjoe_overflow_small_starburst, trog_butcher_becter,
          nicolae_wu_jian_immortal_techniques
D:6:      layout_loops_ring
D:7:      layout_rooms, okawaru_trees_1, lemuel_doored_altar,
          nicolae_overflow_two_pavilions, kennysheep_mini,
          gammafunk_ghost_necromancy
D:8:      layout_basic, ashenzari_altar_1, mainiacjoe_overflow_paths,
          lemuel_tele_altar, fedhas_bush_and_centaur_altar,
          mainiacjoe_overflow_alcove_1
D:9:      layout_roguey, enter_bailey_2, grunt_ogre_cave
Bailey:   bailey_polearm_1, bailey

Skill      XL: |  1  2  3  4  5  6  7  8  9 |
---------------+----------------------------+-----
Dodging        | 2 3 4 |  4.7
Armour         | 1 2 3 4 5 |  5.0
Stealth        | 2 3 4 6 |  6.0
Fighting       | 3 4 5 |  5.5
Shields        | 1 2 3 4 5 |  5.6
Ranged Weapons | 5 6 7 |  7.8
Evocations     | 1 2 3 |  3.7

Action                     |  1- 3 |  4- 6 |  7- 9 | 10-12 || total
---------------------------+-------+-------+-------+-------++-------
   Fire: Shortbow          |    92 |   220 |   259 |    20 ||   591
 Invoke: Sacrifice Health  |       |     1 |       |       ||     1
         Sacrifice Love    |       |       |     1 |       ||     1
         Reject Sacrifices |       |       |       |     1 ||     1
Ability: Dig               |    10 |       |       |       ||    10
  Evoke: Wand              |       |       |     2 |     3 ||     5
    Use: Scroll            |     4 |     7 |     7 |       ||    18
         Potion            |       |     5 |     1 |       ||     6
 Armour: Leather armour    |    19 |    25 |     9 |       ||    53
  Dodge: Dodged            |    37 |    81 |    96 |     4 ||   218
  Block: Kite shield       |       |    52 |    92 |     3 ||   147

Table legend: (Time is in decaauts)
 A = Elapsed time spent in this place.
 B = Non-inter-level travel time spent in this place.
 C = Inter-level travel time spent in this place.
 D = Time resting spent in this place.
 E = Time spent auto-exploring this place.
 F = Levels seen in this place.
 G = Mean time per level.
                   A        B        C        D        E       F      G
               +--------+--------+--------+--------+--------+-----+--------+
         Total |   7195 |   6913 |    282 |    215 |   5484 |  10 |  719.5 |
       Dungeon |   7063 |   6781 |    282 |    215 |   5402 |   9 |  784.8 |
        Bailey |    132 |    132 |      0 |      0 |     81 |   1 |  132.0 |
               +--------+--------+--------+--------+--------+-----+--------+

Top non-repeatable levels by time:
     D:4: 1180 daAuts
     D:5: 990 daAuts
     D:7: 963 daAuts
     D:8: 954 daAuts
     D:1: 811 daAuts
     D:2: 713 daAuts
     D:6: 687 daAuts
     D:3: 682 daAuts
  Bailey: 132 daAuts
     D:9: 78 daAuts
